 Dungeon Crawl Stone Soup version 0.26-a0-651-gb41185065b (webtiles) character file.

Game seed: 1077390170205365614

396 HoaS the Shield-Bearer (level 7, -7/52 HPs)
             Began as a Formicid Fighter on Sept 30, 2020.
             Was an Initiate of Makhleb.
             Mangled by Menkaure (12 damage)
             ... on level 4 of the Dungeon on Oct 1, 2020.
             The game lasted 00:08:59 (2772 turns).

HoaS the Shield-Bearer (Formicid Fighter)           Turns: 2772, Time: 00:09:00

Health: -7/52      AC:  8    Str: 23    XL:     7   Next: 9%
Magic:  7/7        EV:  8    Int:  7    God:    Makhleb [......]
Gold:   157        SH: 10    Dex: 10    Spells: 6/6 levels left

rFire    . . .     SeeInvis +   a - +0 war axe
rCold    . . .     Faith    .   c - +0 kite shield
rNeg     . . .     Spirit   .   b - +0 scale mail
rPois    .         Reflect  .   (helmet unavailable)
rElec    .         Harm     .   i - +0 cloak
rCorr    .         Rampage  .   (no gloves)
MR       .....                  (no boots)
Stlth    +.........             e - amulet of the acrobat
HPRegen  0.17/turn              m - ring of stealth
MPRegen  0.10/turn              (no ring)

@: no status effects
A: permanent stasis, dig shafts and tunnels, four strong arms, antennae 3
a: Dig, Shaft Self, Renounce Religion


You were on level 4 of the Dungeon.
You worshipped Makhleb.
Makhleb was noncommittal.
You visited 1 branch of the dungeon, and saw 4 of its levels.

You collected 157 gold pieces.

Inventory:

Hand Weapons
 a - a +0 war axe (weapon)
Armour
 b - a +0 scale mail (worn)
 c - a +0 kite shield (worn)
 i - a +0 cloak (worn)
Jewellery
 e - an amulet of the acrobat (around neck)
 f - an uncursed amulet of regeneration {unknown}
 m - a ring of stealth (left hand)
Scrolls
 d - a scroll of identify
 g - 5 scrolls of remove curse
 n - a scroll of fog
Potions
 h - a potion of cancellation {unknown}
 k - a potion of resistance {unknown}
 l - a potion of brilliance {unknown}
 o - a potion of mutation {unknown}


   Skills:
 - Level 3.2 Fighting
 * Level 5.8 Axes
 - Level 3.2 Armour
 + Level 5.9 Shields


You had 6 spell levels left.
You didn't know any spells.
Your spell library was empty.

Dungeon Overview and Level Annotations

Branches:
Dungeon (4/15)
 Temple: D:4-7

Altars:
Makhleb
Nemelex Xobeh
Ru
Sif Muna

Shops:
D:4 =

Annotations:
D:4 Menkaure


Innate Abilities, Weirdness & Mutations

You cannot be hasted, slowed, berserked, paralysed or teleported.
You can dig through walls and to a lower floor.
Your four strong arms can wield two-handed weapons with a shield.
You have a pair of large antennae on your head. (SInv)


Message History

* * * LOW HITPOINT WARNING * * *
Menkaure calls on the powers of darkness!
Your body is wracked with pain!
* * * LOW HITPOINT WARNING * * *
Okay, then.
You completely miss Menkaure.
Menkaure is moderately damaged.
You block Menkaure's attack.
You slash Menkaure!
Menkaure is severely damaged.
You block Menkaure's attack. x2
You barely miss Menkaure.
Menkaure is severely damaged.
Menkaure casts a spell at you. Pain shoots through your body!
* * * LOW HITPOINT WARNING * * *
Your shield prevents you from hitting Menkaure.
Menkaure is severely damaged.
You block Menkaure's attack. Menkaure hits you!
You die...

..............#
..............#
).............#
..............#
.............##
............##
...........##
#..........#
##....@..##
##...M###
###..# ##.# ..#
... ###. #


You could see Menkaure (fast).

Vanquished Creatures
  Sigmund (D:4)
  Duvessa (D:4)
  Dowan (D:3)
  3 adders
  An ooze (D:1)
  A dart slug (D:1)
  A worm (D:2)
  3 leopard geckos (D:2)
  2 giant cockroaches
  7 goblins
  A hobgoblin (D:2)
  4 jackals (D:1)
  2 quokkas
  8 bats
  2 frilled lizards
  7 kobolds
  13 rats
58 creatures vanquished.

Notes
Turn   | Place    | Note
-------+----------+-------------------------------------------
     0 | D:1      | HoaS the Formicid Fighter began the quest for the Orb.
     0 | D:1      | Reached XP level 1. HP: 18/18 MP: 1/1
   163 | D:1      | Reached XP level 2. HP: 24/24 MP: 2/2
   311 | D:1      | Reached XP level 3. HP: 28/29 MP: 3/3
   933 | D:2      | Reached XP level 4. HP: 32/35 MP: 4/4
  2042 | D:3      | Found a burning altar of Makhleb.
  2045 | D:3      | Found a shimmering blue altar of Sif Muna.
  2049 | D:3      | Found a sacrificial altar of Ru.
  2057 | D:3      | Became a worshipper of Makhleb the Destroyer
  2065 | D:3      | Found a sparkling altar of Nemelex Xobeh.
  2114 | D:4      | Noticed Sigmund
  2120 | D:4      | Noticed Duvessa
  2120 | D:4      | Noticed Dowan
  2120 | D:4      | Noticed Menkaure
  2146 | D:4      | Killed Duvessa
  2146 | D:4      | Reached skill level 5 in Shields
  2146 | D:4      | Reached XP level 5. HP: 41/41 MP: 5/5
  2165 | D:3      | Killed Dowan
  2165 | D:3      | Reached skill level 5 in Axes
  2165 | D:3      | Reached XP level 6. HP: 25/47 MP: 6/6
  2371 | D:4      | Found Ybuef's Jewellery Shop.
  2520 | D:4      | Killed Sigmund
  2520 | D:4      | Reached XP level 7. HP: 40/52 MP: 7/7
  2772 | D:4      | Mangled by Menkaure

Illustrated notes

Levels and vault maps discovered:
D:1:      dpeg_arrival_rooms_a, layout_basic, minmay_rat_gold_closets
D:2:      layout_loops_cross, wander_ebering_terrifying_dragon_lair
D:3:      layout_basic, minitemple
D:4:      layout_cave_pods, serial_shops, shop, cheibrodos_sewer_entry_bend,
          hangedman_decor_slide_cut, xom_redecorated, uniq_duvessa,
          uniq_sigmund, uniq_menkaure

Skill      XL: |  1  2  3  4  5 |
---------------+----------------+-----
Shields        | 4 5 |  5.9
Axes           | 3 4 5 |  5.8
Fighting       | |  3.2
Armour         | |  3.2

Action                   |  1- 3 |  4- 6 |  7- 9 || total
-------------------------+-------+-------+-------++-------
Melee: War axe           |   102 |   125 |     6 ||   233
 Abil: Dig               |       |     1 |       ||     1
  Use: Scroll            |     4 |     6 |       ||    10
       Potion            |       |     1 |     1 ||     2
Armor: Scale mail        |    40 |    45 |       ||    85
       Skin              |       |    16 |       ||    16
Dodge: Dodged            |    35 |    49 |     1 ||    85
Block: Kite shield       |    72 |    68 |     4 ||   144

Table legend: (Time is in decaauts)
 A = Elapsed time spent in this place.
 B = Non-inter-level travel time spent in this place.
 C = Inter-level travel time spent in this place.
 D = Time resting spent in this place.
 E = Time spent auto-exploring this place.
 F = Levels seen in this place.
 G = Mean time per level.
                   A        B        C        D        E       F      G
               +--------+--------+--------+--------+--------+-----+--------+
         Total |   2867 |   2751 |    116 |    297 |   1814 |   4 |  716.8 |
       Dungeon |   2867 |   2751 |    116 |    297 |   1814 |   4 |  716.8 |
               +--------+--------+--------+--------+--------+-----+--------+

Top non-repeatable levels by time:
     D:3: 876 daAuts
     D:1: 846 daAuts
     D:2: 659 daAuts
     D:4: 486 daAuts
